 Dungeon Crawl Stone Soup version 0.29.1-2-gbd0b4ee654 (webtiles) character file.

Game seed: 11789940354015137282

8 leafyfresh the Sneak (level 2, -3/21 HPs)
             Began as an Octopode Delver on Nov 12, 2022.
             Slain by Pargi (4 damage)
             ... in a sewer.
             The game lasted 00:01:44 (187 turns).

leafyfresh the Sneak (Octopode Delver)               Turns: 187, Time: 00:01:44

Health: -3/21      AC:  1    Str: 11    XL:     2   Next: 8%
Magic:  2/2        EV: 13    Int: 12    God:
Gold:   20         SH:  0    Dex: 13    Spells: 1/1 levels left

rFire   . . .      SeeInvis .   a - +0 short sword
rCold   . . .      Faith    .   (no shield)
rNeg    . . .      Spirit   .   (helmet restricted)
rPois   .          Reflect  .   (no amulet)
rElec   .          Harm     .   (no ring)
rCorr   .          Rampage  .   (no ring)
Will    .....                   (no ring)
Stlth   ++++......              (no ring)
HPRegen 0.07/turn               (no ring)
MPRegen 0.08/turn               (no ring)
                                (no ring)
                                (no ring)

@: no status effects
A: almost no armour, amphibious, 8 rings, camouflage 1, gelatinous body 1,
(nimble swimmer 1), tentacles
a: no special abilities


You were in a sewer.
You visited 1 branch of the dungeon, and saw 1 of its levels.
You also visited: Sewer.

You collected 20 gold pieces.

Inventory:

Hand Weapons
 a - a +0 short sword (weapon)
Wands
 f - a wand of digging (3)
Scrolls
 b - a scroll of fog
 c - a scroll of magic mapping
 d - a scroll of fear
 g - a scroll of identify {unknown}
 h - a scroll of blinking {unknown}
Potions
 e - a potion of haste
 i - a potion of cancellation {unknown}


   Skills:
 - Level 3.0 Fighting
 - Level 2.0 Short Blades
 + Level 2.1 Dodging
 - Level 7.1 Stealth


You had one spell level left.
You didn't know any spells.
Your spell library was empty.

Dungeon Overview and Level Annotations

Branches:
Dungeon (5/15)              Sewer (1/1)
 Temple: D:4-7

Altars:

Annotations:
Sewer Pargi


Innate Abilities, Weirdness & Mutations

You cannot wear most types of armour.
You are amphibious.
You can wear up to eight rings at the same time.
Your skin changes colour to match your surroundings (Stealth+).
Your rubbery body absorbs attacks. (AC +1, EV +1)
((You are camouflaged when in or above water. (Stealth+)))
You have tentacles for arms and can constrict up to eight enemies at once.


Message History

i - a coppery potion
There are no items here.
There is an open door here.
You open the door.
Pargi the Meek comes into view.
Found a scroll labelled EHAOMU SIFUSCH.
There is an open door here.
The helpless Pargi fails to defend himself.
You impale Pargi!!
Pargi is severely wounded.
Pargi bites you but does no damage. Pargi claws you but does no damage.
Pargi claws you.
You hit Pargi. Your squeeze misses Pargi.
Pargi is severely wounded.
Pargi bites you. Pargi barely misses you. Pargi claws you.
You hit Pargi.
Pargi is severely wounded.
Pargi bites you. Pargi barely misses you. Pargi claws you.
You barely miss Pargi. You squeeze Pargi.
Pargi is almost dead.
Pargi closely misses you. Pargi misses you. Pargi barely misses you.
You hit Pargi.
Pargi is almost dead.
Pargi closely misses you. Pargi barely misses you. Pargi claws you.
You closely miss Pargi.
Pargi is severely wounded.
Pargi bites you.
* * * LOW HITPOINT WARNING * * *
Pargi closely misses you. Pargi barely misses you.
You hit Pargi.
Pargi is almost dead.
Pargi bites you.
* * * LOW HITPOINT WARNING * * *
Pargi claws you.
* * * LOW HITPOINT WARNING * * *
Pargi barely misses you.
You barely miss Pargi.
Pargi is almost dead.
Pargi barely misses you. x2; Pargi claws you.
You die...

###### #?##.#
#T##.#
#+##+##@##'##+##+#
#.................
#~~~~~~~~~.~~~~~~~
#≈≈≈≈≈≈≈≈≈∩≈≈≈≈≈≈≈
#~~~~~~~~~.~~~~~~~
#.................
#+##+##+##.##+##+#
#.# #∩#


You could see Pargi.

Vanquished Creatures
  An orc (D:5)
  3 giant cockroaches
  A quokka (D:5)
  A rat (D:5)
6 creatures vanquished.

Notes
Turn   | Place    | Note
-------+----------+-------------------------------------------
     0 | D:5      | leafyfresh the Octopode Delver began the quest for the Orb.
     0 | D:5      | Reached XP level 1. HP: 16/16 MP: 1/1
   107 | D:5      | Noticed a scorpion
   152 | D:5      | Reached skill level 7 in Stealth
   157 | D:5      | Reached XP level 2. HP: 19/21 MP: 2/2
   160 | D:5      | Found a glowing drain.
   164 | Sewer    | Entered a sewer
   178 | Sewer    | Noticed Pargi
   186 | Sewer    | HP: 1/21 [Pargi (2)]
   187 | Sewer    | Slain by Pargi

Illustrated notes

Levels and vault maps discovered:
D:5:      layout_loops_ring, grunt_qazlal_clouds, ashenzari_conservatory_becter,
          gup_sewer_entry_bowl
Sewer:    kennysheep_door_sewer

Skill      XL: |  1 |
---------------+----+-----
Stealth        | 7 |  7.1
Fighting       | |  3.0
Short Blades   | |  2.0
Dodging        | |  2.1

Action                   || total
-------------------------++-------
Melee: Short sword       ||    18
       Constrict         ||     3
       Tentacles         ||     3
 Stab: Sleeping          ||     3
Armor: Skin              ||     2
Dodge: Dodged            ||    15
